 Dungeon Crawl Stone Soup version 0.13-a0-2584-g2e76cfd (webtiles) character file.

356 Mathinus the Skirmisher (level 5, 0/44 HPs)
             Began as a Draconian Abyssal Knight on July 31, 2013.
             Was a Priest of Lugonu.
             Killed by a spatial distortion (3 damage)
             ... on Level 4 of the Dungeon.
             The game lasted 00:25:22 (3473 turns).

Mathinus the Skirmisher (Draconian Abyssal Knight)  Turns: 3473, Time: 00:25:22

HP   0/44        AC  5     Str 16      XL: 5   Next: 63%
MP   6/6         EV 13     Int 12      God: Lugonu [***...]
Gold 138         SH  0     Dex 10      Spells:  0 memorised,  4 levels left

Res.Fire  : . . .   See Invis. : .   a - +3,+2 spear {=f}
Res.Cold  : . . .   Warding    : .   (armour unavailable)
Life Prot.: . . .   Conserve   : .   (no shield)
Res.Poison: .       Res.Corr.  : .   (helmet restricted)
Res.Elec. : .       Clarity    : .   (no cloak)
Sust.Abil.: + .     Spirit.Shd : .   (no gloves)
Res.Mut.  : .       Stasis     : .   (no boots)
Res.Rott. : .       Flight     : .   (no amulet)
Saprovore : . . .                    g - ring of sustain abilities
                                     b - ring of protection from magic

@: somewhat resistant to hostile enchantments, unstealthy
A: unfitting armour, AC +5
a: Depart the Abyss, Bend Space, Banish, Renounce Religion


You were on level 4 of the Dungeon.
You worshipped Lugonu.
Lugonu was greatly pleased with you.
You were very hungry.

You visited 1 branch of the dungeon, and saw 4 of its levels.
You visited the Abyss 1 time.

You collected 118 gold pieces.

Inventory:

Hand weapons
 a - a +3,+2 spear (weapon) {=f}
 r - a +0,+0 spear (quivered)
 w - a +2,+0 vampiric halberd
Missiles
 e - 19 poisoned arrows
 h - 16 bolts of frost
Magical devices
 d - a wand of invisibility (1) {unknown}
Comestibles
 c - a meat ration
Scrolls
 i - 2 scrolls of fog
 j - a scroll of magic mapping
 m - a scroll of fear
 q - a scroll of enchant armour {unknown}
 u - 4 scrolls of remove curse
 A - a scroll of amnesia {unknown}
Jewellery
 b - a ring of protection from magic (left hand)
 g - a ring of sustain abilities (right hand)
 l - an uncursed ring of protection from magic
 s - an uncursed ring of flight {unknown}
 t - an uncursed amulet of warding
 v - an uncursed ring of poison resistance {unknown}
 x - an uncursed ring of poison resistance {unknown}
Potions
 f - 2 potions of curing
 n - a potion of brilliance
 p - a potion of degeneration {unknown}
Books
 y - a book of Hinderance

   Spells                             Type                      Level
   Confusing Touch                    Hexes                        1
   Slow                               Hexes                        2
   Confuse                            Hexes                        3
   Petrify                            Transmutation/Earth          4
   Leda's Liquefaction                Hexes/Earth                  4
   Metabolic Englaciation             Hexes/Ice                    6


   Skills:
 + Level 4.3 Fighting
 + Level 3.3 Polearms
 + Level 4.1 Dodging
 + Level 0.4 Stealth
 + Level 2.2 Invocations


You had 4 spell levels left.
You didn't know any spells.

Dungeon Overview and Level Annotations

Branches:
Dungeon (4/27)
 Temple: D:4-7

Altars:
Fedhas
Xom
Yredelemnul

Annotations
D:4 Somebody's ghost, average DENe


Message History

Use which ability? (? or * to list) Space bends around you!
You blink.
* * * LOW HITPOINT WARNING * * *
You feel slightly more hungry. The hound bites you but does no damage.
The hound bites you but does no damage. The hound closely misses you.
The hound bites you but does no damage. The hound misses you.
The hound bites you.
* * * LOW HITPOINT WARNING * * *
You see here a garnet ring.
The hound closely misses you. The hound bites you.
* * * LOW HITPOINT WARNING * * *
The hound closely misses you. The hound closely misses you.
Use which ability? (? or * to list) Space bends around you!
You blink.
You die...

##### .....####
#.#.......#
#.#.#.#.#.#
#.#.....O§#
#...#l#.#h#
#.#.....g.#
########.#.#.#.#.#
................@#
...........>.=..##
.p...p..p.p...[.#
#################


You could see an ogre, a hound, Somebody's ghost, a goblin and a giant newt.

Vanquished Creatures
  An orc wizard (D:3)
  4 gnolls (D:4)
  5 adders
  2 giant mites
  A worm (D:3)
  3 giant geckos (D:3)
  4 orcs
  14 bats
  2 giant cockroaches (D:3)
  14 hobgoblins
  10 jackals
  A quokka (D:4)
  A ball python (D:3)
  5 giant newts
  7 goblins
  5 kobolds
  11 rats
90 creatures vanquished.

Notes
Turn   | Place    | Note
--------------------------------------------------------------
     0 | Abyss:1  | Mathinus, the Draconian Abyssal Knight, began the quest for the Orb.
     0 | Abyss:1  | Reached XP level 1. HP: 17/17 MP: 1/1
    94 | Abyss:1  | Noticed a small abomination
    95 | D:1      | Escaped the Abyss
   433 | D:1      | Reached XP level 2. HP: 22/24 MP: 2/2
   507 | D:1      | Acquired Lugonu's first power
   846 | D:1      | Reached XP level 3. HP: 30/30 MP: 4/4
  1049 | D:1      | Acquired Lugonu's second power
  1351 | D:2      | Found a shimmering altar of Xom.
  1397 | D:2      | Reached skill level 4 in Fighting
  1682 | D:2      | Reached XP level 4. HP: 27/38 MP: 5/5
  2036 | D:3      | Found a blossoming altar of Fedhas.
  2329 | D:3      | Acquired Lugonu's third power
  2543 | D:3      | Reached XP level 5. HP: 26/44 MP: 6/6
  3055 | D:4      | Noticed Somebody's ghost (average DENe)
  3067 | D:4      | Noticed an ogre
  3360 | D:4      | Found a basalt altar of Yredelemnul.
  3429 | D:4      | HP: 1/44 [hound (5)]
  3451 | D:4      | HP: 2/44 [spatial distortion (2)]
  3473 | D:4      | Killed by a spatial distortion

Action                   |  1- 3 |  4- 6 || total
-------------------------+-------+-------++-------
Melee: Spear             |   131 |   159 ||   290
Invok: Depart the Abyss  |     1 |       ||     1
       Bend Space        |       |     3 ||     3
       Banish            |       |     3 ||     3
  Use: Scroll            |    11 |     6 ||    17
       Potion            |     1 |    10 ||    11
